 Dungeon Crawl Stone Soup version 0.31-a0-204-g7da18cac08 (webtiles) character file.

Game seed: 16584431916629016292

5093 qw the Markself (level 10, 0/56 HPs)
             Began as a Deep Elf Hunter on June 27, 2023.
             Was a Believer of Okawaru.
             Slain by a black mamba (13 damage)
             ... on level 1 of the Lair of Beasts.
             The game lasted 00:04:30 (8110 turns).

qw the Markself (Deep Elf Hunter)                   Turns: 8110, Time: 00:04:31

Health: 0/56       AC: 12    Str: 12    XL:     10   Next: 32%
Magic:  13/15      EV: 16    Int: 15    God:    Okawaru [**....]
Gold:   1280       SH:  0    Dex: 18    Spells: 9/9 levels left

rFire   . . .        k - +2 longbow (flame)
rCold   . . .        (shield currently unavailable)
rNeg    + . .        f - +3 ring mail
rPois   .            (no helmet)
rElec   .            g - scarf {repulsion}
rCorr   .            (no gloves)
SInv    .            b - +2 pair of boots
Will    +....        m - amulet of regeneration
Stlth   +++          l - ring of positive energy
HPRegen 1.09/turn    (no ring)
MPRegen 0.14/turn

%: repel missiles
@: about to teleport, heroic
A: no striking features
a: Renounce Religion, Heroism


You were on level 1 of the Lair of Beasts.
You worshipped Okawaru.
Okawaru was pleased with you.
You visited 3 branches of the dungeon, and saw 10 of its levels.

You collected 1280 gold pieces.


   Skills:
 - Level 4.0(9.0) Fighting
 + Level 17.1(22.1) Ranged Weapons
 - Level 2.3(7.3) Armour
 - Level 6.0(11.0) Dodging
 - Level 1.2(6.2) Stealth
 - Level 4.1 Invocations


You had 9 spell levels left.
You didn't know any spells.
Your spell library was empty.

Inventory:

Hand Weapons
 k - a +2 longbow of flaming (weapon)
Armour
 b - a +2 pair of boots (worn)
 f - a +3 ring mail (worn)
 g - a scarf of repulsion (worn)
Jewellery
 l - a ring of positive energy (left hand)
 m - an amulet of regeneration (around neck)
 o - the brooch of Shielding {Spirit SH+8}
   (You found it on level 1 of the Lair of Beasts)

   [amulet of guardian spirit]

   It causes incoming damage to be divided between your reserves of health and
   magic.
   SH:        It affects your SH (+8).
Wands
 j - a wand of digging (4)
Scrolls
 a - 4 scrolls of identify
 e - a scroll of vulnerability {unknown}
Potions
 d - a potion of mutation
 h - a potion of might
 i - 4 potions of curing
 n - a potion of magic
 p - a potion of cancellation

Dungeon Overview and Level Annotations

Branches:
Dungeon (8/15)             Temple (1/1) D:6            Lair (1/5) D:8

Altars:
Ashenzari
Cheibriados
Dithmenos
Elyvilon
Fedhas
Gozag
Hepliaklqana
Makhleb
Nemelex Xobeh
Okawaru
Qazlal
Ru
Sif Muna
Trog
Uskayaw
Vehumet
Wu Jian
Xom
Yredelemnul
The Shining One

Shops:
D:2 (=

Annotations:
D:6 1 runed translucent door, qw's ghost, novice NaHu


Message History

You feel very sick. The black mamba bites you.
8102 ||| READING 2 scrolls of teleportation.
As you read the scroll of teleportation, it crumbles to dust.
You feel strangely unstable.
You feel extremely sick.
The black mamba bites you but does no damage.
The black mamba completely misses you.
You shoot an arrow. The arrow hits the black mamba!
The arrow burns the black mamba.
You kill the black mamba!
Okawaru is honoured by your kill.
You feel very sick.
Your base Ranged Weapons skill increases to level 17!
8104 ||| DRINKING 5 potions of curing.
You feel better.
8104 ||| (to cure poison)
You start resting.
Your surroundings suddenly seem different.
A black mamba comes into view.
Found a book of Blasting.
You shoot an arrow. The arrow hits the black mamba.
The arrow burns the black mamba.
The black mamba hisses angrily.
The black mamba is lightly wounded.
You hear an angry hiss.
You shoot an arrow. The arrow misses the black mamba.
The arrow hits the water moccasin!
The arrow burns the water moccasin.
The water moccasin is heavily wounded.
You shoot an arrow. The arrow hits the black mamba!!
The arrow burns the black mamba.
The black mamba is severely wounded.
You feel like a meek peon again.
8109 ||| INVOKING Heroism.
You gain the combat prowess of a mighty hero.
The black mamba barely misses you. The black mamba bites you.
8110 ||| READING scroll of teleportation.
As you read the scroll of teleportation, it crumbles to dust.
You feel strangely unstable. The black mamba closely misses you.
The black mamba bites you!
You die...

#..F......
...S......
#.........
#.........
.<........
..........
.......... ###
.......... #.##
......... #@.#
#........ #..S.#
P........ ...S...#
...................
.........PP
.:..........
............#
............#


You could see a black mamba and a water moccasin.

Vanquished Creatures
  4 cane toads (Lair:1)
  2 black mambas (Lair:1)
  Sigmund (D:3)
  Eustachio (D:5)
  A steam dragon (D:7)
  2 wargs (D:8)
  A water moccasin (D:7)
  2 ice beasts
  An orc warrior (D:8)
  3 ogres
  A centaur (D:6)
  A kobold brigand (D:6)
  2 phantoms
  3 bullfrogs
  7 scorpions
  A gnoll sergeant (D:6)
  A killer bee (D:8)
  5 howler monkeys
  3 orc priests (D:8)
  5 hounds
  2 jellies
  5 iguanas
  Jessica (D:3)
  Terence (D:3)
  4 orc wizards
  6 adders
  8 gnolls
  A white imp (D:6)
  4 worms
  2 dart slugs
  31 orcs
  7 ball pythons
  6 bats
  8 endoplasms
  6 giant cockroaches
  8 hobgoblins
  6 jackals
  3 quokkas
  A frilled lizard (D:3)
  7 goblins
  7 kobolds
  3 rats
174 creatures vanquished.

Notes
Turn   | Place    | Note
-------+----------+-------------------------------------------
     0 | D:1      | qw the Deep Elf Hunter began the quest for the Orb.
     0 | D:1      | Reached XP level 1. HP: 12/12 MP: 3/3
     0 | D:1      | 0 ||| qw: Version: 0.3-a-22-g0ed2b0b
     0 | D:1      | 0 ||| qw: Game counter: 6564
     0 | D:1      | 0 ||| qw: Melee chars always use a shield: true
     0 | D:1      | 0 ||| qw: God list: Okawaru
     0 | D:1      | 0 ||| qw: Allow faded altars: false
     0 | D:1      | 0 ||| qw: Do Orc after clearing Dungeon:15 true
     0 | D:1      | 0 ||| qw: Do second Lair branch before Depths: true
     0 | D:1      | 0 ||| qw: Lair rune preference: random
     0 | D:1      | 0 ||| qw: Goals: Normal
     0 | D:1      | 0 ||| PLANNING D:1-11
   130 | D:1      | Reached XP level 2. HP: 16/16 MP: 4/4
   157 | D:1      | Reached skill level 6 in Ranged Weapons
   277 | D:1      | 277 ||| FLEEEEING.
   278 | D:1      | 278 ||| FLEEEEING.
   279 | D:1      | 279 ||| FLEEEEING.
   280 | D:1      | 280 ||| FLEEEEING.
   281 | D:1      | 281 ||| FLEEEEING.
   284 | D:1      | HP: 4/16 [frozen (4)]
   398 | D:1      | HP: 3/16 [jackal (2)]
   402 | D:1      | HP: 1/16 [jackal (1)]
   728 | D:1      | Reached XP level 3. HP: 20/20 MP: 5/5
   735 | D:1      | 735 ||| UPGRADING to +0 scale mail.
   745 | D:1      | 745 ||| DROPPING +0 leather armour.
   746 | D:1      | 746 ||| READING 4 scrolls labelled WOTSAE OBLOAMP.
   747 | D:1      | 747 ||| READING scroll labelled XIELIRGHU TUL.
   748 | D:1      | 748 ||| READING scroll labelled PEGODY XE PIW.
   749 | D:1      | 749 ||| DRINKING 2 smoky amethyst potions.
   750 | D:1      | 750 ||| DRINKING 3 sedimented clear potions.
   751 | D:1      | 751 ||| DROPPING scroll of butterflies.
  1001 | D:2      | Reached skill level 7 in Ranged Weapons
  1086 | D:2      | Found Odiciown's One-of-a-Kind Rings.
  1094 | D:2      | 1094 ||| SHOPLISTING +3 ring of strength (130 gold, have
                  | 83).
  1094 | D:2      | 1094 ||| SHOPLISTING +5 ring of protection (715 gold, have
                  | 83).
  1094 | D:2      | 1094 ||| SHOPLISTING +9 ring of strength (1014 gold, have
                  | 83).
  1094 | D:2      | 1094 ||| SHOPLISTING ring "Biuwkay" {rElec rPois Int+6
                  | Dex+3 Stlth+} (822 gold, have 83).
  1094 | D:2      | 1094 ||| SHOPLISTING ring of Gumeza {MP+9 Int+2 Dex+6} (569
                  | gold, have 83).
  1103 | D:2      | Found Igius Nij's Weapon Emporium.
  1445 | D:2      | 1445 ||| UPGRADING to +0 pair of boots.
  1450 | D:2      | 1450 ||| UPGRADING to scarf of repulsion.
  1455 | D:2      | 1455 ||| READING 4 scrolls of enchant armour.
  1455 | D:2      | 1455 ||| ENCHANTING +0 pair of boots.
  1456 | D:2      | 1456 ||| READING 3 scrolls of enchant armour.
  1456 | D:2      | 1456 ||| ENCHANTING +1 pair of boots.
  1457 | D:2      | 1457 ||| READING 2 scrolls labelled PORATY DEWETU.
  1458 | D:2      | 1458 ||| READING scroll labelled QUMO TEANEO.
  1459 | D:2      | 1459 ||| READING scroll labelled QAIRUG OCSOSA.
  1459 | D:2      | Identified a scroll of acquirement
  1459 | D:2      | 1459 ||| ACQUIRING 824 gold pieces
  1459 | D:2      | Acquired 824 gold pieces
  1461 | D:2      | 1461 ||| READING scroll labelled VUG ELUWKUNT.
  1462 | D:2      | 1462 ||| DROPPING scroll of fear.
  1476 | D:3      | 1476 ||| STAIRDANCE
  1581 | D:3      | Noticed Sigmund
  1596 | D:3      | Killed Sigmund
  1597 | D:3      | Reached skill level 9 in Ranged Weapons
  1597 | D:3      | Reached XP level 4. HP: 10/25 MP: 6/6
  1597 | D:3      | Reached XP level 5. HP: 12/29 MP: 7/7
  1779 | D:3      | Noticed Jessica
  1791 | D:3      | Killed Jessica
  1792 | D:3      | Reached skill level 1 in Armour
  1813 | D:3      | 1813 ||| FLEEEEING.
  1814 | D:3      | 1814 ||| FLEEEEING.
  1821 | D:3      | 1821 ||| FLEEEEING.
  2093 | D:3      | Noticed Terence
  2106 | D:3      | Killed Terence
  2107 | D:3      | Reached XP level 6. HP: 13/35 MP: 8/8
  2239 | D:3      | Found a hide-covered altar of Uskayaw.
  2261 | D:3      | Found an opulent altar of Gozag.
  2696 | D:4      | Reached skill level 10 in Ranged Weapons
  2956 | D:4      | Reached XP level 7. HP: 32/40 MP: 9/9
  3122 | D:4      | 3122 ||| UPGRADING to +0 ring mail.
  3132 | D:4      | 3132 ||| DROPPING +0 scale mail.
  3133 | D:4      | 3133 ||| READING 2 scrolls of enchant armour.
  3133 | D:4      | 3133 ||| ENCHANTING +0 ring mail.
  3134 | D:4      | 3134 ||| READING scroll of enchant armour.
  3134 | D:4      | 3134 ||| ENCHANTING +1 ring mail.
  3135 | D:4      | 3135 ||| READING 2 scrolls labelled RIYMAM VA WEY.
  3140 | D:4      | 3140 ||| READING scroll labelled ATEMPE QISMAESCH.
  3157 | D:5      | Entered Level 5 of the Dungeon
  3206 | D:5      | Reached skill level 3 in Dodging
  3245 | D:5      | Reached skill level 11 in Ranged Weapons
  3593 | D:5      | Noticed Eustachio
  3611 | D:5      | Killed Eustachio
  3612 | D:5      | Reached skill level 12 in Ranged Weapons
  3672 | D:5      | Reached XP level 8. HP: 40/45 MP: 10/10
  4004 | D:6      | Reached skill level 3 in Fighting
  4132 | D:6      | 4132 ||| Stepping ~*~*~tactically~*~*~ (outnumbered).
  4134 | D:6      | 4134 ||| Stepping ~*~*~tactically~*~*~ (outnumbered).
  4206 | D:6      | 4206 ||| FLEEEEING.
  4207 | D:6      | 4207 ||| FLEEEEING.
  4208 | D:6      | 4208 ||| FLEEEEING.
  4209 | D:6      | 4209 ||| FLEEEEING.
  4210 | D:6      | 4210 ||| FLEEEEING.
  4213 | D:6      | 4213 ||| FLEEEEING.
  4214 | D:6      | 4214 ||| FLEEEEING.
  4215 | D:6      | 4215 ||| FLEEEEING.
  4216 | D:6      | 4216 ||| FLEEEEING.
  4217 | D:6      | 4217 ||| FLEEEEING.
  4218 | D:6      | 4218 ||| FLEEEEING.
  4219 | D:6      | 4219 ||| FLEEEEING.
  4220 | D:6      | 4220 ||| FLEEEEING.
  4225 | D:6      | 4225 ||| FLEEEEING.
  4285 | D:6      | Found a stormy altar of Qazlal.
  4287 | D:6      | Found a blossoming altar of Fedhas.
  4384 | D:6      | Reached skill level 13 in Ranged Weapons
  4402 | D:6      | Found a runed translucent door.
  4403 | D:6      | Noticed qw's ghost (novice NaHu)
  4510 | D:6      | 4510 ||| SWAPPING to +0 orcbow.
  4511 | D:6      | 4511 ||| DROPPING +0 shortbow.
  4520 | D:6      | 4520 ||| READING scroll of enchant armour.
  4520 | D:6      | 4520 ||| ENCHANTING +2 ring mail.
  4704 | D:6      | 4704 ||| FLEEEEING.
  4830 | D:6      | Reached skill level 14 in Ranged Weapons
  4958 | D:6      | 4958 ||| Stepping ~*~*~tactically~*~*~ (outnumbered).
  5256 | D:6      | Found a staircase to the Ecumenical Temple.
  5257 | D:6      | 5257 ||| PLANNING TEMPLE
  5257 | D:6      | 5257 ||| UPGRADING to ring of positive energy.
  5258 | D:6      | 5258 ||| READING 3 scrolls of identify.
  5258 | D:6      | 5258 ||| IDENTIFYING smoky blue potion
  5267 | Temple   | Entered the Ecumenical Temple
  5269 | Temple   | 5269 ||| PLANNING OKAWARU WORSHIP
  5392 | Temple   | Became a worshipper of Warmaster Okawaru
  5393 | Temple   | 5393 ||| PLANNING D:1-11
  6311 | D:7      | 6311 ||| Stepping ~*~*~tactically~*~*~ (cloud).
  6323 | D:7      | Reached XP level 9. HP: 17/50 MP: 11/11
  6543 | D:7      | Reached skill level 15 in Ranged Weapons
  6588 | D:7      | 6588 ||| FLEEEEING.
  6589 | D:7      | 6589 ||| FLEEEEING.
  6590 | D:7      | 6590 ||| FLEEEEING.
  6591 | D:7      | 6591 ||| FLEEEEING.
  6592 | D:7      | 6592 ||| FLEEEEING.
  6593 | D:7      | 6593 ||| FLEEEEING.
  6594 | D:7      | 6594 ||| FLEEEEING.
  6595 | D:7      | 6595 ||| FLEEEEING.
  6596 | D:7      | 6596 ||| FLEEEEING.
  6597 | D:7      | 6597 ||| FLEEEEING.
  6598 | D:7      | 6598 ||| FLEEEEING.
  6599 | D:7      | 6599 ||| FLEEEEING.
  6600 | D:7      | 6600 ||| FLEEEEING.
  6601 | D:7      | 6601 ||| FLEEEEING.
  6602 | D:7      | 6602 ||| FLEEEEING.
  6603 | D:7      | 6603 ||| FLEEEEING.
  6604 | D:7      | 6604 ||| FLEEEEING.
  6605 | D:7      | 6605 ||| FLEEEEING.
  6606 | D:7      | 6606 ||| FLEEEEING.
  6607 | D:7      | 6607 ||| FLEEEEING.
  6608 | D:7      | 6608 ||| FLEEEEING.
  6609 | D:7      | 6609 ||| FLEEEEING.
  6610 | D:7      | 6610 ||| FLEEEEING.
  6611 | D:7      | 6611 ||| FLEEEEING.
  6612 | D:7      | 6612 ||| FLEEEEING.
  6613 | D:7      | 6613 ||| FLEEEEING.
  6614 | D:7      | 6614 ||| STAIRDANCE
  6673 | D:6      | 6673 ||| UPGRADING to amulet of regeneration.
  6697 | D:7      | Reached * piety under Okawaru
  6701 | D:7      | 6701 ||| STAIRDANCE
  6834 | D:7      | Reached skill level 1 in Invocations
  7160 | D:7      | Found a glowing golden altar of the Shining One.
  7264 | D:8      | 7264 ||| INVOKING Heroism.
  7306 | D:8      | 7306 ||| INVOKING Heroism.
  7324 | D:8      | Reached skill level 3 in Invocations
  7344 | D:8      | 7344 ||| INVOKING Heroism.
  7361 | D:8      | Found a staircase to the Lair.
  7910 | D:8      | 7910 ||| PLANNING LAIR
  7910 | D:8      | 7910 ||| READING scroll labelled KUEGU ALICEPN.
  7911 | D:8      | 7911 ||| READING scroll labelled SEEDDE AMUS.
  7912 | D:8      | 7912 ||| DRINKING 2 amethyst potions.
  7913 | D:8      | 7913 ||| READING 6 scrolls of identify.
  7913 | D:8      | 7913 ||| IDENTIFYING cyan potion
  7914 | D:8      | 7914 ||| READING 5 scrolls of identify.
  7914 | D:8      | 7914 ||| IDENTIFYING brown potion
  7915 | D:8      | 7915 ||| DROPPING potion of attraction.
  7917 | D:8      | 7917 ||| Stepping ~*~*~tactically~*~*~ (cloud).
  7954 | Lair:1   | Entered Level 1 of the Lair of Beasts
  7958 | Lair:1   | Noticed a cane toad
  7959 | Lair:1   | 7959 ||| INVOKING Heroism.
  7962 | Lair:1   | Noticed a black mamba
  7969 | Lair:1   | HP: 12/52 [poisoned by a cane toad]
  7970 | Lair:1   | 7970 ||| READING 4 scrolls of teleportation.
  7971 | Lair:1   | 7971 ||| DRINKING 2 potions of heal wounds.
  7974 | Lair:1   | 7974 ||| READING 3 scrolls of teleportation.
  7974 | Lair:1   | HP: 11/52 [poisoned by a cane toad]
  7975 | Lair:1   | 7975 ||| DRINKING potion of heal wounds.
  7996 | Lair:1   | Noticed a cane toad
  7997 | Lair:1   | 7997 ||| INVOKING Heroism.
  8006 | Lair:1   | Killed a cane toad
  8007 | Lair:1   | Reached skill level 16 in Ranged Weapons
  8017 | Lair:1   | Noticed a cane toad
  8019 | Lair:1   | 8019 ||| INVOKING Heroism.
  8025 | Lair:1   | Killed a cane toad
  8026 | Lair:1   | Reached skill level 6 in Dodging
  8026 | Lair:1   | Reached XP level 10. HP: 56/56 MP: 12/15
  8031 | Lair:1   | Noticed a cane toad
  8039 | Lair:1   | Killed a cane toad
  8061 | Lair:1   | 8061 ||| READING scroll of acquirement.
  8061 | Lair:1   | 8061 ||| ACQUIRING +2 longbow of flaming
  8061 | Lair:1   | Acquired a +2 longbow of flaming
  8063 | Lair:1   | 8063 ||| SWAPPING to +2 longbow of flaming.
  8064 | Lair:1   | 8064 ||| DROPPING +0 orcbow of freezing.
  8065 | Lair:1   | Found the brooch of Shielding {Spirit SH+8}
  8072 | Lair:1   | 8072 ||| INVOKING Heroism.
  8076 | Lair:1   | Killed a cane toad
  8093 | Lair:1   | 8093 ||| INVOKING Heroism.
  8093 | Lair:1   | Noticed a black mamba
  8099 | Lair:1   | Killed a black mamba
  8101 | Lair:1   | HP: 11/56 [black mamba (6)]
  8102 | Lair:1   | 8102 ||| READING 2 scrolls of teleportation.
  8102 | Lair:1   | HP: 5/56 [poisoned by a black mamba]
  8103 | Lair:1   | Killed a black mamba
  8103 | Lair:1   | Reached ** piety under Okawaru
  8103 | Lair:1   | HP: 2/56 [poisoned by a black mamba]
  8104 | Lair:1   | Reached skill level 17 in Ranged Weapons
  8104 | Lair:1   | 8104 ||| DRINKING 5 potions of curing.
  8104 | Lair:1   | 8104 ||| (to cure poison)
  8105 | Lair:1   | Noticed a black mamba
  8109 | Lair:1   | 8109 ||| INVOKING Heroism.
  8109 | Lair:1   | HP: 12/56 [black mamba (5)]
  8110 | Lair:1   | 8110 ||| READING scroll of teleportation.
  8110 | Lair:1   | Slain by a black mamba

Levels and vault maps discovered:
D:1:      lightli_arrival_boilingwater, layout_basic, bh_walls_and_bars
D:2:      layout_loops_ring, serial_shops, nicolae_shop_advertising_works
          [nicolae_subvault_shop_adworks], nicolae_shop_unique_rings
D:3:      layout_basic, mainiacjoe_overflow_big_doors, nicolae_the_louvre,
          uniq_sigmund, uniq_terence, uniq_jessica
D:4:      layout_gridville
D:5:      layout_loops_ring, minivault_19, uniq_eustachio
D:6:      layout_basic, grunt_temple_overflow_forces_of_nature,
          lemuel_temple_firewalk_b, hellmonk_ghost_happy_afterlife,
          nrook_mini_backslash, nicolae_concentric_dashed_squares_mild,
          amcnicky_mini_rare_corridor_liquid
D:7:      layout_loops_ring, kennysheep_mini_moat
D:8:      layout_loops_ring, erik_lair_orcish_takeover,
          kennysheep_generic_room_3
Temple:   regret_index_temple_waves
Lair:1:   layout_cave_shapes

Skill      XL: |  1  2  3  4  5  6  7  8  9 10 |
---------------+-------------------------------+-----
Ranged Weapons | 6 9 10 12 14 16 17 | 17.1
Armour         | 1 2 |  2.3
Fighting       | 2 3 4 |  4.0
Dodging        | 3 5 6 |  6.0
Invocations    | 4 |  4.1
Stealth        | |  1.2

Action                     |  1- 3 |  4- 6 |  7- 9 | 10-12 || total
---------------------------+-------+-------+-------+-------++-------
   Fire: Shortbow          |   136 |   161 |   236 |       ||   533
         Orcbow            |       |       |   288 |     8 ||   296
         Longbow           |       |       |       |    16 ||    16
 Invoke: Heroism           |       |       |     6 |     3 ||     9
    Use: Scroll            |     9 |       |    12 |     3 ||    24
         Potion            |     2 |       |     3 |     1 ||     6
 Armour: Leather armour    |    13 |       |       |       ||    13
         Scale mail        |    17 |    26 |     1 |       ||    44
         Ring mail         |       |       |    94 |     1 ||    95
  Dodge: Dodged            |    42 |    28 |   159 |     8 ||   237
         Repelled          |     1 |       |     2 |       ||     3

Table legend:
 A = Non-vault XP
 B = Vault XP
 C = Vault XP percentage of total XP
 D = Non-vault monster count
 E = Vault monster count
 F = Vault count percentage of total count
                 A         B        C        D         E       F
            +---------+---------+-------+---------+---------+-------
      Total |    6142 |    1135 |  15.6 |     161 |      13 |   7.5
            +---------+---------+-------+---------+---------+-------
        D:1 |      41 |       0 |   0.0 |      22 |       0 |   0.0
        D:2 |      42 |       0 |   0.0 |      13 |       0 |   0.0
        D:3 |      31 |     287 |  90.3 |      17 |       3 |  15.0
        D:4 |     384 |       0 |   0.0 |      26 |       0 |   0.0
        D:5 |     527 |     202 |  27.7 |      13 |       1 |   7.1
        D:6 |    1177 |       0 |   0.0 |      33 |       0 |   0.0
        D:7 |    1111 |       0 |   0.0 |      18 |       0 |   0.0
        D:8 |     243 |     646 |  72.7 |      12 |       9 |  42.9
     Lair:1 |    2586 |       0 |   0.0 |       7 |       0 |   0.0
            +---------+---------+-------+---------+---------+-------
